 Dungeon Crawl Stone Soup version 0.26.1-2-gb8aa6d0cf2 (webtiles) character file.

Game seed: 18258658994772139020

2872 hawla the Destroyer (level 9, -7/47 HPs)
             Began as a Deep Elf Conjurer on Feb 25, 2021.
             Was a Follower of Vehumet.
             Shot with a sling bullet by Joseph (19 damage)
             ... on level 7 of the Dungeon.
             The game lasted 00:21:33 (8160 turns).

hawla the Destroyer (Deep Elf Conjurer)             Turns: 8160, Time: 00:21:33

Health: -7/47      AC:  3    Str:  4    XL:     9   Next: 47%
Magic:  12/24      EV: 14    Int: 27    God:    Vehumet [*.....]
Gold:   361        SH:  5    Dex: 13    Spells: 19/26 levels left

rFire    . . .     SeeInvis .   h - +1 whip (holy)
rCold    . . .     Faith    .   j - +1 buckler
rNeg     . . .     Spirit   .   a - +0 robe
rPois    .         Reflect  .   (no helmet)
rElec    .         Harm     .   (no cloak)
rCorr    .         Rampage  .   p - +0 pair of gloves
Will     +....                  (no boots)
Stlth    ++........             (no amulet)
HPRegen  0.15/turn              c - ring of flight
MPRegen  0.19/turn              u - ring of willpower

@: mighty
A: no striking features
a: Renounce Religion, Evoke Flight


You were on level 7 of the Dungeon.
You worshipped Vehumet.
Vehumet was aware of your devotion.
You visited 2 branches of the dungeon, and saw 8 of its levels.

You collected 361 gold pieces.

Inventory:

Hand Weapons
 h - a +1 whip of holy wrath (weapon)
Missiles
 m - 2 boomerangs (quivered)
Armour
 a - a +0 robe (worn)
 j - a +1 buckler (worn)
 p - a +0 pair of gloves (worn)
Jewellery
 c - a ring of flight (left hand)
 u - a ring of willpower (right hand)
Wands
 b - a wand of iceblast (1)
Scrolls
 e - a scroll of blinking
 f - 4 scrolls of identify
 i - a scroll of enchant armour
 r - a scroll of teleportation
 v - 3 scrolls of magic mapping
Potions
 d - a potion of haste
 g - a potion of might
 t - 3 potions of brilliance


   Skills:
 + Level 1.1 Fighting
 - Level 1.0 Throwing
 - Level 5.0 Dodging
 - Level 4.0 Stealth
 + Level 3.0 Shields
 + Level 9.0 Spellcasting
 + Level 10.0 Conjurations
 + Level 5.0 Translocations
 + Level 0.3 Evocations


You had 19 spell levels left.
You knew the following spells:

 Your Spells              Type           Power        Failure   Level
a - Magic Dart            Conj           100%         1%          1
b - Searing Ray           Conj           100%         1%          2
c - Iskenderun's Mystic   Conj/Tloc      52%          2%          4

Your spell library contained the following spells:

 Spells                   Type           Power        Failure   Level
 Sandblast                Erth           24%          5%          1
 Dazzling Flash           Conj/Hex       78%          1%          3
 Fulminant Prism          Conj/Hex       19%          7%          4


Dungeon Overview and Level Annotations

Branches:
Dungeon (7/15)             Temple (1/1) D:6

Altars:
Ashenzari
Cheibriados
Dithmenos
Elyvilon
Fedhas
Gozag
Kikubaaqudgha
Makhleb
Nemelex Xobeh
Okawaru
Qazlal
Ru
Sif Muna
Trog
Vehumet
Wu Jian
Xom
Yredelemnul
Zin
The Shining One

Shops:
D:4 [   D:6 =}

Annotations:
D:7 Joseph


Message History

Joseph is nearby!
Joseph is nearby!
Casting: Searing Ray (safe; 1% risk of failure)
Confirm with . or Enter, or press ? or * to list all spells.
Aiming: Magic Dart (safe; 1% risk of failure)
Press: ? - help, Shift-Dir - straight line, f - Joseph
Aim: Joseph, wielding a +0 hunting sling, wearing a cursed +0 leather armour and quivering 22 sling bullets (wandering, hasn't noticed you, 0% to evade)
The magic dart hits Joseph.
Joseph is lightly wounded.
Joseph shouts!
Joseph shoots a sling bullet.
The sling bullet hits you!!
Ouch! That really hurt!
You see here a sling bullet.
Joseph shoots a sling bullet.
The sling bullet hits you!!
* * * LOW HITPOINT WARNING * * *
You see here a sling bullet.
It was a potion of curing.
You feel better.
You feel very mighty all of a sudden.
Joseph shoots a sling bullet.
The sling bullet hits you!!
You die...

#.#...........###.........
###...........####........
......h ...............#
......h ###..........###
#...... #........###
....... # #.#..))..##
....... .... ##@.....##
....... #...#....))..#
.###..# #.....@(.)...# .##
... #(...###.....# ..#...
..<... ......... ......
..... ##.......# ......
.... .......... ...... ..
.##....... ...... . .
#..... ...... .... ......


You could see Joseph.

Vanquished Creatures
  Harold (D:7)
  Sigmund (D:3)
  Duvessa (D:6)
  An orc warrior (D:7)
  A black bear (D:3)
  An ogre (D:3)
  A phantom (D:5)
  A centaur (D:5)
  2 bullfrogs (D:7)
  A big kobold (D:6)
  Dowan (D:6)
  3 scorpions
  5 wights (D:7)
  A howler monkey (D:6)
  A bullfrog zombie (D:5)
  A bullfrog skeleton (D:4)
  3 hounds
  2 orc priests (D:5)
  4 iguanas
  5 orc wizards
  2 worker ants
  A hound skeleton (D:4)
  A mummy (D:4)
  A worker ant zombie (D:4)
  Robin (D:3)
  7 gnolls
  9 adders
  2 white imps
  An ufetubus (D:6)
  2 oozes
  5 worms
  A dart slug (D:1)
  4 leopard geckos
  19 orcs
  A ball python (D:3)
  9 bats
  3 giant cockroaches
  11 hobgoblins
  7 jackals
  2 quokkas
  8 frilled lizards
  13 goblins
  2 hobgoblin zombies (D:4)
  2 jackal skeletons
  10 kobolds
  2 kobold zombies (D:4)
  9 rats
172 creatures vanquished.

Notes
Turn   | Place    | Note
-------+----------+-------------------------------------------
     0 | D:1      | hawla the Deep Elf Conjurer began the quest for the Orb.
     0 | D:1      | Reached XP level 1. HP: 10/10 MP: 6/6
   261 | D:1      | Reached XP level 2. HP: 15/15 MP: 6/8
   670 | D:1      | Reached skill level 1 in Translocations
   936 | D:2      | Learned a level 2 spell: Searing Ray
  1023 | D:2      | Reached XP level 3. HP: 19/19 MP: 7/9
  1036 | D:2      | Reached XP level 4. HP: 19/24 MP: 0/11
  1041 | D:2      | Learned a level 4 spell: Iskenderun's Mystic Blast
  1319 | D:2      | Found an iron altar of Okawaru.
  1335 | D:2      | Reached skill level 5 in Conjurations
  1932 | D:3      | Noticed an ogre
  1962 | D:3      | Killed an ogre
  1963 | D:3      | Reached skill level 5 in Spellcasting
  1963 | D:3      | Reached XP level 5. HP: 28/28 MP: 0/14
  2071 | D:3      | Noticed Sigmund
  2388 | D:3      | Killed Sigmund
  2389 | D:3      | Reached skill level 6 in Conjurations
  2389 | D:3      | Reached XP level 6. HP: 19/32 MP: 5/17
  2690 | D:3      | Noticed Robin
  2698 | D:3      | Killed Robin
  2965 | D:3      | Reached skill level 7 in Conjurations
  3066 | D:3      | Reached XP level 7. HP: 36/36 MP: 7/18
  3538 | D:4      | Found a stormy altar of Qazlal.
  3547 | D:4      | Found a basalt altar of Yredelemnul.
  3554 | D:4      | Found a sparkling altar of Nemelex Xobeh.
  3670 | D:4      | Found Sititzan's Armour Boutique.
  3820 | D:4      | Reached skill level 1 in Throwing
  4480 | D:4      | Found a burning altar of Makhleb.
  4488 | D:4      | Found a shadowy altar of Dithmenos.
  4515 | D:5      | Entered Level 5 of the Dungeon
  4574 | D:5      | Reached skill level 1 in Fighting
  4577 | D:5      | Reached skill level 1 in Shields
  4988 | D:5      | Reached XP level 8. HP: 43/43 MP: 14/20
  5705 | D:6      | Found Apatao's Jewellery Emporium.
  6098 | D:6      | Found a staircase to the Ecumenical Temple.
  6107 | Temple   | Entered the Ecumenical Temple
  6342 | Temple   | Became a worshipper of Vehumet
  6710 | D:6      | Noticed Duvessa
  6725 | D:6      | Killed Duvessa
  6737 | D:6      | Noticed Dowan
  6742 | D:6      | Killed Dowan
  6743 | D:6      | Reached skill level 5 in Dodging
  6743 | D:6      | Reached skill level 8 in Conjurations
  6988 | D:6      | Found Egamm's Gadget Shop.
  7490 | D:7      | Noticed Harold
  7508 | D:7      | Killed Harold
  7509 | D:7      | Reached skill level 5 in Translocations
  7509 | D:7      | Reached XP level 9. HP: 37/47 MP: 9/24
  7510 | D:7      | Reached skill level 9 in Conjurations
  7706 | D:7      | Noticed Joseph
  7707 | D:7      | Reached * piety under Vehumet
  7707 | D:7      | Offered knowledge of Sandblast by Vehumet.
  8114 | D:7      | Reached skill level 10 in Conjurations
  8160 | D:7      | Shot with a sling bullet by Joseph

Illustrated notes

Levels and vault maps discovered:
D:1:      lemuel_arrival_rhombus, layout_loops_ring
D:2:      layout_rooms, okawaru_metal_pillars_3
D:3:      layout_loops_ring, minivault_24, uniq_sigmund, uniq_robin
D:4:      layout_loops_ring, minmay_overflow_temple_star_hex, serial_shops,
          nicolae_shop_temple_entry_statues_fountains, minmay_mini_ossuary
D:5:      layout_basic
D:6:      layout_basic, minmay_temple_entry_tees, serial_shops, shop,
          kennysheep_mini, uniq_duvessa
D:7:      layout_cave_pools, lemuel_crystal_altar,
          eat_drink_and_be_merry_uskayaw, serial_shops, shop, uniq_harold,
          uniq_joseph
Temple:   regret_index_temple_generic_petals

Skill      XL: |  1  2  3  4  5  6  7  8  9 |
---------------+----------------------------+-----
Translocations | 1 2 3 5 |  5.0
Stealth        | 3 4 |  4.0
Dodging        | 3 4 5 |  5.0
Spellcasting   | 5 6 9 |  9.0
Conjurations   | 5 6 7 8 10 | 10.0
Throwing       | 1 |  1.0
Fighting       | 1 |  1.1
Shields        | 1 3 |  3.0
Evocations     | |  0.3

Action                   |  1- 3 |  4- 6 |  7- 9 || total
-------------------------+-------+-------+-------++-------
Melee: Unarmed           |     1 |       |       ||     1
       Whip              |       |     1 |    32 ||    33
Throw: Boomerang         |       |       |     2 ||     2
 Cast: Magic Dart        |    37 |    21 |    35 ||    93
       Searing Ray       |     4 |    27 |    64 ||    95
       Iskenderun's Myst |       |     3 |    19 ||    22
  Use: Scroll            |     2 |     4 |    12 ||    18
       Potion            |       |       |     4 ||     4
Armor: Robe              |     2 |     1 |    17 ||    20
       Skin              |       |       |    12 ||    12
Dodge: Dodged            |     6 |    11 |    48 ||    65
Block: Buckler           |       |     2 |    23 ||    25
